 Dungeon Crawl Stone Soup version 0.27.1 (webtiles) character file.

Game seed: 8122942753283962642

910 Mesmaeker13 the Caller (level 7, -2/46 HPs)
             Began as a Demonspawn Summoner on Aug 29, 2021.
             Was a Follower of Sif Muna.
             Slain by a vampire (9 damage)
             ... on level 6 of the Dungeon on Sept 1, 2021.
             The game lasted 00:14:43 (8777 turns).

Mesmaeker13 the Caller (Demonspawn Summoner)        Turns: 8777, Time: 00:14:44

Health: -2/46      AC:  5    Str: 13    XL:     7   Next: 81%
Magic:  7/14       EV: 13    Int: 23    God:    Sif Muna [*.....]
Gold:   202        SH:  0    Dex: 13    Spells: 6/15 levels left

rFire    . . .     SeeInvis +   w - +1 scimitar "Cawar" {flame, rPois Str+3 SInv}
rCold    . . .     Faith    .   (no shield)
rNeg     . . .     Spirit   .   a - +0 robe
rPois    +         Reflect  .   (helmet restricted)
rElec    .         Harm     .   (no cloak)
rCorr    .         Rampage  .   r - +0 pair of gloves
Will     .....                  b - +1 pair of boots
Stlth    ++........             (no amulet)
HPRegen  0.15/turn              j - +6 ring of intelligence
MPRegen  0.14/turn              (no ring)

@: no status effects
A: antennae 2, sturdy frame 2
a: Renounce Religion, Channel Magic


You were on level 6 of the Dungeon.
You worshipped Sif Muna.
Sif Muna was aware of your devotion.
You visited 2 branches of the dungeon, and saw 7 of its levels.

You collected 202 gold pieces.

Inventory:

Hand Weapons
 q - a +2 vorpal hunting sling
 v - a +1 vorpal spear
 w - the +1 scimitar "Cawar" (weapon) {flame, rPois Str+3 SInv}
   (You found it on level 5 of the Dungeon)

   It burns those it strikes, dealing additional fire damage.
   Big, fiery blades are also staple armaments of hydra-hunters.
   Str:       It affects your strength (+3).
   rPois:     It protects you from poison.
   SInv:      It lets you see invisible.
Missiles
 n - 3 javelins
Armour
 a - a +0 robe (worn)
 b - a +1 pair of boots (worn)
 e - a +0 buckler
 r - a +0 pair of gloves (worn)
Jewellery
 j - a +6 ring of intelligence (left hand)
Wands
 u - a wand of iceblast (7)
Scrolls
 c - 2 scrolls of teleportation
 k - 2 scrolls of fog {unknown}
 l - 3 scrolls of enchant weapon
 m - a scroll of silence {unknown}
 p - a scroll of torment {unknown}
 t - a scroll of vulnerability
Potions
 d - a potion of mutation {unknown}
 f - 2 potions of heal wounds {unknown}
 g - a potion of curing {unknown}
 h - 2 potions of flight {unknown}
 i - a potion of degeneration {unknown}
 o - a potion of resistance {unknown}
 s - a potion of attraction {unknown}


   Skills:
 - Level 4.3 Dodging
 - Level 1.7 Stealth
 + Level 1.1 Shields
 + Level 4.7 Spellcasting
 + Level 6.2 Summonings
 + Level 2.8 Air Magic


You had 6 spell levels left.
You knew the following spells:

 Your Spells              Type           Power      Damage    Failure   Level
b - Call Imp              Summ           34%        N/A       1%          2
c - Call Canine Familiar  Summ           34%        N/A       2%          3
d - Summon Lightning Spi  Summ/Air       26%        N/A       16%         4

Your spell library contained the following spells:

 Spells                   Type           Power      Damage    Failure   Level
 Summon Small Mammal      Summ           100%       N/A       1%          1
 Summon Guardian Golem    Hex/Summ       19%        N/A       9%          3
 Swiftness                Air            18%        N/A       9%          3
 Magic Dart               Conj           20%        1d4       10%         1
 Passwall                 Tmut/Erth      4%         N/A       14%         2
 Mephitic Cloud           Conj/Pois/Air  9%         N/A       21%         3
 Invisibility             Hex            2%         N/A       100%        6


Dungeon Overview and Level Annotations

Branches:
Dungeon (6/15)             Temple (1/1) D:4

Altars:
Ashenzari
Cheibriados
Dithmenos
Elyvilon
Fedhas
Gozag
Hepliaklqana
Kikubaaqudgha
Makhleb
Nemelex Xobeh
Okawaru
Qazlal
Ru
Sif Muna
Trog
Uskayaw
Wu Jian
Xom
The Shining One


Innate Abilities, Weirdness & Mutations

You have a pair of antennae on your head.
Your movements are less encumbered by armour. (ER -4)


Message History

You hit the vampire but do no damage.
The vampire is moderately damaged.
Your lightning spire disappears in a puff of smoke!
The vampire hits you! The vampire barely misses you.
Your hound bites the vampire but does no damage.
Your crimson imp misses the vampire.
The vampire hits you! The vampire bites you!
* * * LOW HITPOINT WARNING * * *
The vampire draws strength from your injuries!
Casting: Call Imp (safe; 1% risk of failure)
Confirm with . or Enter, or press ? or * to list all spells.
The spell is quite dangerous to cast (16% risk of failure)!
Continue anyway?
An electric hum fills the air.
Your hound seems less confused.
Your hound bites the vampire but does no damage.
Your crimson imp closely misses the vampire.
The vampire closely misses you. x2; Your hound barely misses the vampire.
Your hound bites the vampire.
Your crimson imp blinks!
The vampire hits your lightning spire but does no damage.
The vampire bites your lightning spire.
Your hound barely misses the vampire.
Your hound bites the vampire but does no damage.
The vampire hits your lightning spire but does no damage.
The vampire bites your lightning spire.
Unknown command.
Your hound barely misses the vampire.
You hit the vampire. You burn the vampire.
The vampire is moderately damaged.
Your hound bites the vampire but does no damage.
The vampire misses you. The vampire bites you.
* * * LOW HITPOINT WARNING * * *
The vampire draws strength from your injuries!
Your hound closely misses the vampire.
You closely miss the vampire.
The vampire is moderately damaged.
Your crimson imp disappears in a puff of smoke!
Your hound bites the vampire but does no damage.
The vampire misses you. The vampire closely misses you.
Your hound bites the vampire.
The vampire hits you!
You die...

#.......###.####
...............# .# .
#..#........##.# .. .
........###.##.# .#.#
#..#....###.##.########.#V#
...#......................
........................#
..##...........#######..#.##.
................@Vh..........
#..............ยง.8...........
##############<#######.......
#.# ####### ###


You could see a vampire (invisible, ally target), a friendly lightning spire
(summoned) and a friendly hound (summoned).

Vanquished Creatures
  A phantom (D:4)
  A gnoll sergeant (D:5)
  A centaur zombie (D:5)
  A centaur skeleton (D:5)
  2 orc priests
  2 orc wizards
  A hound zombie (D:5)
  A hound skeleton (D:4)
  Robin (D:3)
  2 gnolls (D:5)
  2 adders (D:6)
  A white imp (D:6)
  An ufetubus (D:6)
  A worm (D:5)
  A dart slug (D:1)
  8 orcs
  5 endoplasms
  8 goblins
  5 hobgoblins
  A jackal (D:2)
  3 quokkas
  4 ball pythons
  2 bats
  A frilled lizard (D:2)
  2 kobolds
  5 rats
63 creatures vanquished.

Vanquished Creatures (collateral kills)
  Menkaure (D:5)
  An ogre (D:6)
  A centaur (D:6)
  3 scorpions (D:6)
  A water moccasin zombie (D:6)
  2 bullfrog zombies
  A hound (D:3)
  A bullfrog skeleton (D:6)
  A centaur skeleton (D:4)
  Terence (D:3)
  3 orc wizards
  A gnoll (D:5)
  An adder (D:2)
  A white imp (D:6)
  An ufetubus (D:6)
  11 orcs
  A ball python (D:2)
  2 endoplasms
  6 goblins
  2 hobgoblins
  3 jackals (D:2)
  A frilled lizard (D:3)
  2 kobolds (D:2)
  3 rats (D:1)
51 creatures vanquished.

Grand Total: 114 creatures vanquished

Notes
Turn   | Place    | Note
-------+----------+-------------------------------------------
     0 | D:1      | Mesmaeker13 the Demonspawn Summoner began the quest for the
                  | Orb.
     0 | D:1      | Reached XP level 1. HP: 13/13 MP: 3/3
    99 | D:1      | Found a faded altar of an unknown god.
   765 | D:1      | Gained mutation: You have a pair of small antennae on your
                  | head. [demonic ancestry]
   765 | D:1      | Reached XP level 2. HP: 14/19 MP: 3/5
  1181 | D:2      | Learned a level 2 spell: Call Imp
  2095 | D:2      | Gained mutation: Your movements are slightly less
                  | encumbered by armour. (ER -2) [demonic ancestry]
  2095 | D:2      | Reached XP level 3. HP: 24/24 MP: 6/6
  2587 | D:3      | Found an ornate altar of the Wu Jian Council.
  2587 | D:3      | Found a faded altar of an unknown god.
  2595 | D:3      | Found a shimmering altar of Xom.
  2597 | D:3      | Found an ancient bone altar of Kikubaaqudgha.
  2599 | D:3      | Found a hazy altar of Hepliaklqana.
  2637 | D:3      | Noticed Terence
  3517 | D:3      | Gained mutation: Your movements are less encumbered by
                  | armour. (ER -4) [demonic ancestry]
  3517 | D:3      | Reached XP level 4. HP: 24/30 MP: 1/8
  3853 | D:3      | Learned a level 3 spell: Call Canine Familiar
  4646 | D:4      | Found a staircase to the Ecumenical Temple.
  4660 | Temple   | Entered the Ecumenical Temple
  4747 | Temple   | Became a worshipper of Sif Muna the Loreminder
  4780 | D:4      | Reached XP level 5. HP: 35/35 MP: 6/9
  4943 | D:4      | Noticed a phantom
  5053 | D:3      | Reached skill level 5 in Summonings
  5142 | D:3      | Killed Terence
  5226 | D:3      | Noticed Robin
  5235 | D:3      | Killed Robin
  5265 | D:3      | Reached * piety under Sif Muna
  5584 | D:5      | Entered Level 5 of the Dungeon
  5648 | D:5      | Learned a level 4 spell: Summon Lightning Spire
  6402 | D:5      | Reached XP level 6. HP: 24/41 MP: 7/11
  6551 | D:5      | Reached skill level 1 in Air Magic
  6845 | D:5      | Identified the +1 scimitar "Cawar" {flame, rPois Str+3
                  | SInv}
  6896 | D:5      | Noticed Menkaure
  6908 | D:5      | Killed Menkaure
  7658 | D:4      | Gained mutation: You have a pair of antennae on your head.
                  | [demonic ancestry]
  7658 | D:4      | Reached XP level 7. HP: 36/46 MP: 6/13
  7908 | D:4      | Found a stormy altar of Qazlal.
  8483 | D:6      | Reached skill level 6 in Summonings
  8567 | D:6      | Reached skill level 1 in Shields
  8713 | D:6      | Noticed a vampire
  8777 | D:6      | Slain by a vampire

Illustrated notes

Levels and vault maps discovered:
D:1:      co_arrival_square_in_a_square_in_a_square, layout_basic,
          dreamdust_ecumenical_altar_hidden_monk_grotto
D:2:      layout_loops_corners
D:3:      layout_loops_ring, chequers_temple_overflow_minitemple,
          minmay_misc_feat_square, uniq_terence, uniq_robin
D:4:      layout_loops_cross, mainiacjoe_overflow_alcove_4, temple_fountains,
          st_stairs_1
D:5:      layout_loops_ring, minmay_misc_feat_roman, uniq_menkaure
D:6:      wad_guarded_room, layout_basic, grunt_ministairs_13
Temple:   zaba_magenta_temple

Skill      XL: |  1  2  3  4  5  6  7 |
---------------+----------------------+-----
Dodging        | 2 3 4 |  4.3
Spellcasting   | 3 4 |  4.7
Summonings     | 5 6 |  6.2
Air Magic      | 1 2 |  2.8
Shields        | 1 |  1.1
Stealth        | |  1.7

Action                   |  1- 3 |  4- 6 |  7- 9 || total
-------------------------+-------+-------+-------++-------
Melee: Dagger            |   110 |   107 |       ||   217
       Unarmed           |     6 |       |       ||     6
       Scimitar          |       |    20 |    12 ||    32
       Spear             |       |     7 |    25 ||    32
 Cast: Summon Small Mamm |    13 |     9 |       ||    22
       Call Imp          |    28 |    26 |    13 ||    67
       Call Canine Famil |       |    12 |     6 ||    18
       Summon Lightning  |       |       |     2 ||     2
Evoke: Wand              |       |     3 |     1 ||     4
  Use: Scroll            |     1 |     3 |     1 ||     5
 Stab: Sleeping          |     5 |     1 |       ||     6
       Distracted        |     1 |     3 |     1 ||     5
Armor: Robe              |    30 |    42 |     7 ||    79
Dodge: Dodged            |    83 |    75 |    28 ||   186
       Rpst.: Scimitar   |       |     3 |     3 ||     6
